AoeStats
← Justice

Arena

505176409Analyzed
1v1 RM · 25d ago on Sep 8, 2026· 35m 31s· 2 players
Game mode
Random Map
Map size
Tiny (2 player)
Population
200
Speed
Normal
Resources
Standard
Victory
Conquest
Starting age
Dark Age
Ending age
Imperial Age
RankedLock teamsTeams togetherTeam positionsShared explorationLock speedFull tech treeHidden civsTurbo modeCheats
Victory
Defeat
🇺🇸 Poles · United States
1140
+15
🇿🇦 Spanish · South Africa
1129
-15
OUTKA5T
10:44 Feudal Age
15:54 Castle Age
14:17 Horse Collar
15:13 Double-Bit Axe
17:07 Bow Saw
18:39 Loom
19:11 Loom
21:01 Gold Mining
25:13 Fervor
25:25 Sanctity
28:43 Town Watch
31:58 Imperial Age
30:07 Wheelbarrow
29:56 Stone Mining
31:41 Bloodlines
31:32 Husbandry
33:28 Scale Barding Armor
33:02 Cavalier
34:07 Forging
Justice
10:58 Feudal Age
11:27 Loom
11:38 Double-Bit Axe
11:45 Stone Mining
11:56 Town Watch
12:54 Horse Collar
19:29 Castle Age
20:40 Bow Saw
27:51 Imperial Age
26:11 Squires
26:56 Wheelbarrow
26:48 Scale Mail Armor
29:15 Forging
29:18 Fletching
30:30 Heavy Plow
31:16 Conscription
33:17 Chain Mail Armor
34:01 Bodkin Arrow
Connection lost

Rejoining the realm…

Still unreachable

The connection could not be restored.

Session expired

The server has moved on; the page needs a fresh start.